 Dungeon Crawl Stone Soup version 0.29.1-15-g9cfb28693d (webtiles) character file.

Game seed: 7275384627956418202

4858 Peloso the Protected (level 10, -2/88 HPs)
             Began as a Minotaur Fighter on Apr 18, 2023.
             Was a Believer of Okawaru.
             Slain by a red devil
             ... wielding a +0 trident
             ... summoned by a kobold demonologist
              (16 damage)
             ... on level 10 of the Dungeon.
             The game lasted 00:19:01 (11898 turns).

Peloso the Protected (Minotaur Fighter)            Turns: 11898, Time: 00:19:02

Health: -2/88      AC:  0    Str: 30    XL:     10   Next: 25%
Magic:  9/9        EV:  8    Int:  5    God:    Okawaru [**....]
Gold:   278        SH:  5    Dex: 11    Spells: 9/9 levels left

rFire   . . .      SeeInvis .   a - +0 long sword
rCold   . . .      Faith    .   c - +0 buckler
rNeg    . . .      Spirit   .   x - +1 plate armour
rPois   +          Reflect  .   (helmet restricted)
rElec   .          Harm     .   H - +0 cloak
rCorr   .          Rampage  .   I - +0 pair of gloves
Will    .....                   A - +0 pair of boots
Stlth   ..........              v - amulet of the acrobat
HPRegen 0.24/turn               l - ring of poison resistance
MPRegen 0.11/turn               f - +6 ring of strength

@: spiked, corroded
A: horns 2, retaliatory headbutt
a: Renounce Religion, Heroism


You were on level 10 of the Dungeon.
You worshipped Okawaru.
Okawaru was pleased with you.
You visited 2 branches of the dungeon, and saw 11 of its levels.
You also visited: Sewer.

You collected 468 gold pieces.
You spent 190 gold pieces at shops.

Inventory:

Hand Weapons
 a - a +0 long sword (weapon)
 b - a +1 short sword of flaming
Armour
 c - a +0 buckler (worn)
 x - a +1 plate armour (worn)
 A - a +0 pair of boots (worn)
 H - a +0 cloak (worn)
 I - a +0 pair of gloves (worn)
Jewellery
 f - a +6 ring of strength (right hand)
 l - a ring of poison resistance (left hand)
 v - an amulet of the acrobat (around neck)
 z - a +6 ring of strength
 E - an amulet of magic regeneration
Wands
 g - a wand of roots (5)
 D - a wand of flame (23)
 F - a wand of polymorph (9)
 J - a wand of digging (8)
Scrolls
 i - 2 scrolls of blinking
 m - 2 scrolls of poison
 n - a scroll of silence
 q - a scroll of immolation
 r - 2 scrolls of amnesia
 s - 2 scrolls of enchant armour
 t - 3 scrolls of fear
 y - 4 scrolls of fog
 B - 2 scrolls of identify
 C - a scroll of enchant weapon
 G - 9 scrolls of teleportation
Potions
 d - 3 potions of might
 e - 3 potions of mutation
 h - 4 potions of flight
 j - 2 potions of heal wounds
 k - a potion of magic
 o - 9 potions of curing
 p - 5 potions of brilliance
 u - a potion of cancellation
 w - a potion of haste


   Skills:
 + Level 7.6 Fighting
 + Level 11.1 Long Blades
 + Level 11.3 Armour
 + Level 1.8 Dodging
 + Level 1.5 Stealth
 + Level 7.2 Shields
 + Level 0.2 Invocations


You had 9 spell levels left.
You didn't know any spells.
Your spell library contained the following spells:

 Spells                   Type           Power      Damage    Failure   Level
 Apportation              Tloc           0%         N/A       99%         1
 Magic Dart               Conj           0%         1d3       99%         1
 Necrotise                Necr           0%         1d4       99%         1
 Ensorcelled Hibernation  Hex/Ice        0%         N/A       100%        2
 Sublimation of Blood     Necr           0%         N/A       100%        2
 Wereblood                Tmut           0%         N/A       100%        2
 Mephitic Cloud           Conj/Pois/Air  0%         N/A       100%        3
 Portal Projectile        Hex/Tloc       0%         N/A       100%        3
 Spider Form              Tmut/Pois      0%         N/A       100%        3
 Airstrike                Air            0%         2d(0-16)  100%        4
 Anguish                  Hex/Necr       0%         N/A       100%        4
 Cause Fear               Hex            0%         N/A       100%        4
 Blade Hands              Tmut           0%         N/A       100%        5
 Lightning Bolt           Conj/Air       0%         1d11      100%        5
 Dragon Form              Tmut           0%         N/A       100%        7
 Chain Lightning          Conj/Air       0%         N/A       100%        9
 Fire Storm               Conj/Fire      0%         5d1       100%        9
 Shatter                  Erth           0%         3d5*      100%        9
 Summon Small Mammal      Summ           Unusable   N/A       N/A         1
 Call Imp                 Summ           Unusable   N/A       N/A         2
 Tukima's Dance           Hex            Unusable   N/A       N/A         3
 Summon Lightning Spire   Summ/Air       Unusable   N/A       N/A         4
 Summon Hydra             Summ           Unusable   N/A       N/A         7
 Dragon's Call            Summ           Unusable   N/A       N/A         9

Dungeon Overview and Level Annotations

Branches:
Dungeon (10/15)            Temple (1/1) D:5           Sewer (visited)
   Lair: D:8-11         Orc: D:9-12

Altars:
Ashenzari
Cheibriados
Dithmenos
Elyvilon
Fedhas
Gozag
Hepliaklqana
Kikubaaqudgha
Makhleb
Nemelex Xobeh
Okawaru
Qazlal
Ru
Sif Muna
Trog
Uskayaw
Vehumet
Xom
Yredelemnul
Zin
The Shining One

Shops:
D:1 *   D:5 ?


Innate Abilities, Weirdness & Mutations

You have a pair of horns on your head.
You reflexively headbutt those who attack you in melee.


Message History

The rust devil hits you. The rust devil corrodes you!
You hit the kobold demonologist but do no damage.
The kobold demonologist is severely wounded.
The red devil hits you with a +0 trident!
Barbed spikes become lodged in your body.
The kobold brigand barely misses you.
You block the kobold demonologist's attack.
The rust devil closely misses you. You furiously retaliate!
You headbutt the rust devil.
You hit the kobold demonologist but do no damage.
Your headbutt misses the kobold demonologist.
The kobold demonologist is severely wounded.
The red devil hits you with a +0 trident!
* * * LOW HITPOINT WARNING * * *
Barbed spikes become lodged in your body.
You block the kobold brigand's attack.
The kobold demonologist mumbles some strange words.
You closely miss the kobold demonologist.
The kobold demonologist is severely wounded.
The rust devil hits you!
* * * LOW HITPOINT WARNING * * *
The rust devil corrodes you! You block the red devil's attack.
Unknown command.
You feel much better.
The kobold brigand hits you with a +0 whip.
The kobold demonologist barely misses you.
The rust devil hits you. The rust devil corrodes you!
The red devil barely misses you. You furiously retaliate!
You headbutt the red devil!
You hit the kobold demonologist but do no damage.
You headbutt the kobold demonologist, but do no damage.
The kobold demonologist is severely wounded.
The kobold demonologist hits you with a +0 dagger of flaming.
The kobold demonologist burns you.
* * * LOW HITPOINT WARNING * * *
The kobold brigand barely misses you. The rust devil hits you!
* * * LOW HITPOINT WARNING * * *
The rust devil corrodes you!
The red devil hits you with a +0 trident!
You die...

.# #.# #K.⌠...⌠..# .# #.#
#.Y.......# .#########.#
#.........# .......(...##
#c.⌠.⌠.K# ............#
#.....#
............##....#...#....
.............##....#'#....#
..............######.######
........###....4@#.....#..
.....####
#....4KKcl........ .....#
#.###########..... #.#
..... #.# .#.# #.# # # #.


You could see a rust devil (summoned), a kobold demonologist, a red devil
(summoned), a wyvern, a kobold brigand and a centaur.

Vanquished Creatures
  Erolcha (D:9)
  Maurice (D:8)
  A troll (D:9)
  Grinder (D:5)
  A hornet (D:9)
  Prince Ribbit (D:7)
  Sigmund (D:3)
  A vampire (D:9)
  A shadow (D:9)
  2 steam dragons
  An acid dragon (D:10)
  An orc warrior (D:5)
  A black bear (D:8)
  2 centaurs
  2 kobold brigands (Sewer)
  3 bullfrogs
  A necrophage (D:6)
  3 scorpions
  4 wights
  4 killer bees (D:8)
  5 hounds
  3 jellies
  2 gnoll boudas
  6 orc priests
  An iguana (D:2)
  4 orc wizards
  17 gnolls
  A river rat (D:5)
  4 adders
  A white imp (D:7)
  2 ufetubi
  3 worms
  A dart slug (D:1)
  21 orcs
  3 bats
  7 endoplasms
  A giant cockroach (D:3)
  7 goblins
  5 hobgoblins
  11 jackals
  4 quokkas
  4 ball pythons
  A frilled lizard (D:2)
  8 kobolds
  8 rats
163 creatures vanquished.

Vanquished Creatures (others)
  An orc wizard (D:6)
  5 toadstools (D:1)
6 creatures vanquished.

Grand Total: 169 creatures vanquished

Notes
Turn   | Place    | Note
-------+----------+-------------------------------------------
     0 | D:1      | Peloso the Minotaur Fighter began the quest for the Orb.
     0 | D:1      | Reached XP level 1. HP: 19/19 MP: 0/0
   203 | D:1      | Reached XP level 2. HP: 23/27 MP: 1/1
   289 | D:1      | Found Savovviwn's Assorted Antiques.
  1096 | D:2      | Reached XP level 3. HP: 31/33 MP: 2/2
  1394 | D:2      | Found a faded altar of an unknown god.
  1731 | D:2      | Reached XP level 4. HP: 39/40 MP: 3/3
  2043 | D:3      | Found a broken altar of Ashenzari.
  2336 | D:3      | Noticed a centaur
  2348 | D:3      | Killed a centaur
  2349 | D:3      | Reached skill level 5 in Armour
  2349 | D:3      | Reached skill level 1 in Dodging
  2349 | D:3      | Reached XP level 5. HP: 42/46 MP: 4/4
  2528 | D:3      | Noticed Sigmund
  2638 | D:1      | Bought a scroll labelled WYCADO GIMUWNI for 29 gold pieces
  2638 | D:1      | Bought a scroll labelled FEUNIN OSCH for 29 gold pieces
  2638 | D:1      | Bought a scroll labelled CULEOS XAU for 29 gold pieces
  2638 | D:1      | Bought a scroll labelled YLAPUE IWEU for 29 gold pieces
  3323 | D:4      | Reached XP level 6. HP: 51/53 MP: 5/5
  3600 | D:4      | Found a bloodstained altar of Trog.
  3601 | D:4      | Found a stormy altar of Qazlal.
  3601 | D:4      | Found a shimmering blue altar of Sif Muna.
  3601 | D:4      | Found a shimmering altar of Xom.
  4192 | D:3      | Killed Sigmund
  4193 | D:3      | Reached skill level 5 in Long Blades
  4254 | D:5      | Entered Level 5 of the Dungeon
  4268 | D:5      | Reached skill level 5 in Fighting
  4268 | D:5      | Reached XP level 7. HP: 50/61 MP: 6/6
  4393 | D:5      | Found a glowing drain.
  4397 | Sewer    | Entered a sewer
  4530 | Sewer    | Found a white marble altar of Elyvilon.
  4634 | D:5      | Found Luex's Magic Scroll Emporium.
  4641 | D:5      | Bought a scroll of identify for 24 gold pieces
  4641 | D:5      | Bought a scroll of identify for 24 gold pieces
  4732 | D:5      | Noticed Grinder
  4742 | D:5      | Killed Grinder
  4743 | D:5      | Reached skill level 5 in Shields
  4743 | D:5      | Reached XP level 8. HP: 58/70 MP: 7/7
  4867 | D:5      | Found a staircase to the Ecumenical Temple.
  4881 | Temple   | Entered the Ecumenical Temple
  5397 | D:1      | Bought a metallic grey potion for 26 gold pieces
  6067 | D:6      | Reached skill level 1 in Stealth
  6523 | D:6      | Found an iron altar of Okawaru.
  6553 | D:6      | Became a worshipper of Warmaster Okawaru
  7380 | D:6      | Found a burning altar of Makhleb.
  8501 | D:7      | Noticed Prince Ribbit
  8513 | D:7      | Killed Prince Ribbit
  8514 | D:7      | Reached XP level 9. HP: 50/78 MP: 8/8
  9120 | D:8      | Found a shadowy altar of Dithmenos.
  9303 | D:8      | Found a sparkling altar of Nemelex Xobeh.
  9399 | D:8      | Reached * piety under Okawaru
  9400 | D:8      | Reached skill level 10 in Armour
  9508 | D:8      | Noticed Maurice
  9538 | D:8      | Killed Maurice
 10512 | D:8      | Reached skill level 10 in Long Blades
 10979 | D:9      | Found a white marble altar of Elyvilon.
 10995 | D:9      | Noticed Erolcha
 11008 | D:9      | Killed Erolcha
 11008 | D:9      | Reached ** piety under Okawaru
 11009 | D:9      | Reached XP level 10. HP: 84/86 MP: 9/9
 11830 | D:10     | Entered Level 10 of the Dungeon
 11888 | D:10     | Noticed a rust devil
 11898 | D:10     | Slain by a red devil

Illustrated notes

Levels and vault maps discovered:
D:1:      ldierk_walled_garden, layout_loops_ring, serial_shops,
          nicolae_square_shop, serial_rivers, chequers_serial_rivers_large_a,
          chequers_serial_rivers_small_3, chequers_serial_rivers_marsh,
          chequers_serial_rivers_micro_c, chequers_serial_rivers_marsh
D:2:      layout_loops_cross, hellmonk_ecumenical_altar_run_dry
D:3:      layout_loops_cross, ashenzari_conservatory_becter, uniq_sigmund
D:4:      layout_loops_corners, minitemple
D:5:      layout_loops_ring, minmay_temple_entry_antechambers, serial_shops,
          shop, gup_sewer_entry_bowl, uniq_grinder
D:6:      layout_gridville, kennysheep_mini, old_standard_altar,
          minmay_misc_feat_cross, item_on_display_a
D:7:      layout_layer_cave, uniq_prince_ribbit1
D:8:      layout_layer_cave, mainiacjoe_overflow_concentric_impassable,
          mainiacjoe_overflow_24_doors, uniq_maurice
D:9:      layout_loops_ring, general_overflow_altar, uniq_erolcha
D:10:     kennysheep_ambush_hall, layout_irregular_city,
          nzn_wu_jian_contemplation, david_orc_5
Temple:   hellmonk_temple_of_storms

Skill      XL: |  1  2  3  4  5  6  7  8  9 10 |
---------------+-------------------------------+-----
Long Blades    | 3 4 5 6 9 10 11 | 11.1
Armour         | 4 5 6 7 9 11 | 11.3
Fighting       | 4 5 6 7 |  7.6
Shields        | 4 5 7 |  7.2
Dodging        | 1 |  1.8
Stealth        | 1 |  1.5
Invocations    | |  0.2

Action                   |  1- 3 |  4- 6 |  7- 9 | 10-12 || total
-------------------------+-------+-------+-------+-------++-------
Melee: Long sword        |    72 |   107 |   376 |    59 ||   614
       Headbutt          |     4 |    14 |    71 |    14 ||   103
Invok: Heroism           |       |       |     1 |     3 ||     4
  Use: Potion            |     3 |       |     3 |     2 ||     8
       Scroll            |     2 |     9 |     4 |     3 ||    18
Armor: Scale mail        |    38 |    25 |       |       ||    63
       Plate armour      |       |     8 |   195 |    44 ||   247
Dodge: Dodged            |    38 |    58 |   167 |    20 ||   283
Block: Buckler           |    19 |    35 |    74 |    17 ||   145
